IL
COLORADO SPRINGS SKY SOX @ OKLAHOMA CITY DODGERS
07/11/2047
 
TOP OF THE 1ST
Colorado Springs Sky Sox batting - Pitching for Oklahoma City Dodgers : RHP Jean-Michel Hamon
Pitching: RHP Jean-Michel Hamon
Batting: LHB Steve Gilliam 0-0: Ground out 6-3 (Groundball, 6, EV 83.8 MPH)
Batting: RHB Ryan Rinaldi 0-0: Called Strike
0-1: Ball
1-1: Ball
2-1: SINGLE (Groundball, 6MD, EV 99.4 MPH)
Batting: LHB Michael Krott 0-0: Called Strike
0-1: Foul Ball, location: 2F
0-2: Fielders Choice at 2nd, 3-6 (Groundball, 3, EV 100.0 MPH)
Batting: LHB Zack Guillen 0-0: Called Strike
0-1: Foul Ball, location: 2F
0-2: Ball
1-2: Foul Ball, location: 2F
1-2: Ball
2-2: Fielders Choice at 2nd, 6-4 (Groundball, 6, EV 79.4 MPH)
Top of the 1st over - 0 runs, 1 hit, 0 errors, 1 left on base; Colorado Springs 0 - Oklahoma City 0
BOTTOM OF THE 1ST
Oklahoma City Dodgers batting - Pitching for Colorado Springs Sky Sox : LHP John Mandarino
Pitching: LHP John Mandarino
Batting: RHB Tim Nettles 0-0: Ball
1-0: Called Strike
1-1: Ball
2-1: Ball
3-1: Base on Balls
Batting: RHB Sam Saunders 0-0: Ball
1-0: Foul Ball, location: 2F
1-1: Ball
Tim Nettles steals 2nd base
2-1: Ball
3-1: Base on Balls
Batting: RHB Curt Earnest 0-0: Fly out, F9 (Flyball, 9, EV 81.9 MPH)
Batting: SHB Ken Welch 0-0: Ball
1-0: Swinging Strike
1-1: Ball
2-1: Ball
3-1: Base on Balls
Tim Nettles to third
Sam Saunders to second
Batting: RHB John Piccolo 0-0: Called Strike
0-1: Ball
1-1: Grounds into fielders choice 1-2 (Groundball, 13, EV 65.6 MPH)
Sam Saunders to third
Ken Welch to second
Batting: RHB Jeremy Giesler 0-0: Ball
1-0: Ball
2-0: Ball
3-0: Base on Balls
Sam Saunders scores
Ken Welch to third
John Piccolo to second
Batting: RHB Martin Chavez 0-0: Fielders Choice at 2nd, 6-4 (Groundball, 6, EV 86.2 MPH)
Bottom of the 1st over - 1 run, 0 hits, 0 errors, 3 left on base; Colorado Springs 0 - Oklahoma City 1
TOP OF THE 2ND
Colorado Springs Sky Sox batting - Pitching for Oklahoma City Dodgers : RHP Jean-Michel Hamon
Batting: SHB Andy Vivas 0-0: Ball
1-0: Ground out 4-3 (Groundball, 34, EV 105.6 MPH)
Batting: LHB Chris Salim 0-0: Ball
1-0: DOUBLE (Line Drive, 3D, EV 102.5 MPH)
Batting: SHB Chris Besselman 0-0: Ball
1-0: Ball
2-0: Ball
3-0: Called Strike
3-1: Called Strike
3-2: Ground out 3-1 (Groundball, 34S, EV 86.2 MPH)
Chris Salim to third
Batting: RHB Justin Williams 0-0: Ball
1-0: Called Strike
1-1: Ball
2-1: Ground out 6-3 (Groundball, 6, EV 85.0 MPH)
Top of the 2nd over - 0 runs, 1 hit, 0 errors, 1 left on base; Colorado Springs 0 - Oklahoma City 1
BOTTOM OF THE 2ND
Oklahoma City Dodgers batting - Pitching for Colorado Springs Sky Sox : LHP John Mandarino
Batting: RHB Jose Valtierra 0-0: Called Strike
0-1: Ball
1-1: Ball
2-1: Ball
3-1: Base on Balls
Batting: LHB Frank Mullen 0-0: Ball
1-0: Ball
2-0: Swinging Strike
2-1: DOUBLE (Line Drive, 9LS, EV 103.8 MPH)
Jose Valtierra to third
Batting: RHB Tim Nettles 0-0: Called Strike
0-1: Foul Ball, location: 2F
0-2: Ball
1-2: Ball
2-2: Foul Ball, location: 2F
2-2: Foul Ball, location: 2F
2-2: Ground out 1-3 (Groundball, 15S, EV 70.0 MPH)
Batting: RHB Sam Saunders 0-0: Ball
1-0: SINGLE (Groundball, 56D, EV 96.2 MPH)
Jose Valtierra scores
Frank Mullen to third
Batting: RHB Curt Earnest 0-0: Called Strike
Sam Saunders is caught stealing 2nd base 2-4
0-1: Ball
1-1: Foul Ball, location: 2F
1-2: SINGLE (Flyball, 8LS, EV 86.9 MPH)
Frank Mullen scores
Batting: SHB Ken Welch 0-0: Fielders Choice at 2nd, 6-4 (Groundball, 6, EV 80.0 MPH)
Bottom of the 2nd over - 2 runs, 3 hits, 0 errors, 1 left on base; Colorado Springs 0 - Oklahoma City 3
TOP OF THE 3RD
Colorado Springs Sky Sox batting - Pitching for Oklahoma City Dodgers : RHP Jean-Michel Hamon
Batting: RHB Devine Adams 0-0: Ball
1-0: Ball
2-0: Ball
3-0: Called Strike
3-1: Foul Ball, location: 2F
3-2: Ground out 5-3 (Groundball, 56D, EV 87.5 MPH)
Batting: LHB Steve Gilliam 0-0: Ball
1-0: Called Strike
1-1: Ball
2-1: Foul Ball, location: 2F
2-2: Ball
3-2: Strikes out looking
Batting: RHB Ryan Rinaldi 0-0: Ball
1-0: TRIPLE (Flyball, 78XD, EV 106.2 MPH)
Batting: LHB Michael Krott 0-0: Ground out 1-3 (Groundball, 13, EV 61.9 MPH)
Top of the 3rd over - 0 runs, 1 hit, 0 errors, 1 left on base; Colorado Springs 0 - Oklahoma City 3
BOTTOM OF THE 3RD
Oklahoma City Dodgers batting - Pitching for Colorado Springs Sky Sox : LHP John Mandarino
Batting: RHB John Piccolo 0-0: Ball
1-0: Called Strike
1-1: Foul Ball, location: 2F
1-2: Strikes out swinging
Batting: RHB Jeremy Giesler 0-0: Called Strike
0-1: Ball
1-1: Ball
2-1: Foul Ball, location: 2F
2-2: Ground out U3 (Groundball, 3, EV 86.9 MPH)
Batting: RHB Martin Chavez 0-0: Ball
1-0: Ground out 4-3 (Groundball, 4M, EV 106.2 MPH)
Bottom of the 3rd over - 0 runs, 0 hits, 0 errors, 0 left on base; Colorado Springs 0 - Oklahoma City 3
TOP OF THE 4TH
Colorado Springs Sky Sox batting - Pitching for Oklahoma City Dodgers : RHP Jean-Michel Hamon
Batting: LHB Zack Guillen 0-0: Ball
1-0: Ground out 3-1 (Groundball, 13, EV 80.6 MPH)
Batting: SHB Andy Vivas 0-0: Called Strike
0-1: Ball
1-1: Foul Ball, location: 2F
1-2: Ball
2-2: Strikes out swinging
Batting: LHB Chris Salim 0-0: Ball
1-0: Ground out 6-3 (Groundball, 6, EV 100.6 MPH)
Top of the 4th over - 0 runs, 0 hits, 0 errors, 0 left on base; Colorado Springs 0 - Oklahoma City 3
BOTTOM OF THE 4TH
Oklahoma City Dodgers batting - Pitching for Colorado Springs Sky Sox : LHP John Mandarino
Batting: RHB Jose Valtierra 0-0: Ball
1-0: Foul Ball, location: 2F
1-1: Ball
2-1: Ball
3-1: Base on Balls
Batting: LHB Frank Mullen 0-0: Called Strike
0-1: DOUBLE (Flyball, 8LXD, EV 98.8 MPH)
Jose Valtierra to third
Batting: RHB Tim Nettles 0-0: Called Strike
0-1: Ball
1-1: Ball
2-1: Swinging Strike
2-2: Foul Ball, location: 2F
2-2: Strikes out swinging
Batting: RHB Sam Saunders 0-0: Called Strike
0-1: Foul Ball, location: 2F
0-2: Ball
1-2: Ball
2-2: Ball
3-2: Fly out, F8 (Flyball, 8RXD, EV 94.4 MPH)
Runner from 3rd tags up, SCORES, no throw by CF
Frank Mullen to third
Batting: RHB Curt Earnest 0-0: Foul Ball, location: 2F
0-1: Ground out U3 (Groundball, 34S, EV 82.5 MPH)
Bottom of the 4th over - 1 run, 1 hit, 0 errors, 1 left on base; Colorado Springs 0 - Oklahoma City 4
TOP OF THE 5TH
Colorado Springs Sky Sox batting - Pitching for Oklahoma City Dodgers : RHP Jean-Michel Hamon
Batting: SHB Chris Besselman 0-0: Ball
1-0: Swinging Strike
1-1: Ball
2-1: Foul Ball, location: 2F
2-2: Strikes out looking
Batting: RHB Justin Williams 0-0: Ball
1-0: Foul Ball, location: 2F
1-1: Ball
2-1: Swinging Strike
2-2: Foul Ball, location: 2F
2-2: Strikes out swinging
Batting: RHB Devine Adams 0-0: Ball
1-0: Ball
2-0: Ground out 6-3 (Groundball, 6S, EV 68.8 MPH)
Top of the 5th over - 0 runs, 0 hits, 0 errors, 0 left on base; Colorado Springs 0 - Oklahoma City 4
BOTTOM OF THE 5TH
Oklahoma City Dodgers batting - Pitching for Colorado Springs Sky Sox : LHP John Mandarino
Batting: SHB Ken Welch 0-0: Ball
1-0: Ball
2-0: Foul Ball, location: 2F
2-1: Ball
3-1: Called Strike
3-2: Reached on error, E6 (Groundball, 6, EV 88.8 MPH)
Batting: RHB John Piccolo 0-0: Ball
1-0: Called Strike
1-1: Foul Ball, location: 2F
1-2: DOUBLE (Line Drive, 78D, EV 103.8 MPH)
Ken Welch to third
Batting: RHB Jeremy Giesler 0-0: Ball
1-0: Ball
2-0: Ball
3-0: Base on Balls
Batting: RHB Martin Chavez 0-0: Ball
1-0: Ball
2-0: SINGLE (Line Drive, 56, EV 100.0 MPH)
Ken Welch scores
John Piccolo to third
Jeremy Giesler to second
Pitching: RHP Nate Dallman
Batting: RHB Jose Valtierra 0-0: Ball
1-0: Ball
2-0: Ball
3-0: Base on Balls
John Piccolo scores
Jeremy Giesler to third
Martin Chavez to second
Batting: LHB Frank Mullen 0-0: Foul Ball, location: 2F
0-1: Ball
1-1: Called Strike
1-2: Ball
2-2: Foul Ball, location: 2F
2-2: Hit by Pitch
Jeremy Giesler scores
Martin Chavez to third
Jose Valtierra to second
Batting: RHB Tim Nettles 0-0: Foul Ball, location: 2F
0-1: Ball
1-1: Foul Ball, location: 2F
1-2: Ball
2-2: Ball
3-2: Foul Ball, location: 2F
3-2: SINGLE (Line Drive, 9S, EV 95.6 MPH)
Martin Chavez scores
Jose Valtierra to third
Frank Mullen to second
Batting: RHB Sam Saunders 0-0: Ball
1-0: Called Strike
1-1: Ball
2-1: Ball
3-1: Foul Ball, location: 2F
3-2: Fielders Choice at 2nd, 4-6 (Groundball, 4, EV 83.8 MPH)
Jose Valtierra scores
Frank Mullen to third
Batting: RHB Curt Earnest 0-0: Fly out, F8 (Flyball, 8RS, EV 97.5 MPH)
Batting: SHB Ken Welch 0-0: Ball
1-0: Foul Ball, location: 2F
1-1: Ball
2-1: Foul Ball, location: 2F
2-2: Ball
3-2: Base on Balls
Sam Saunders to second
Batting: RHB John Piccolo 0-0: Ball
1-0: Swinging Strike
1-1: Called Strike
1-2: Ball
2-2: Ball
Wild Pitch!
Frank Mullen scores
Sam Saunders to third
Ken Welch to second
3-2: Foul Ball, location: 2F
3-2: Strikes out swinging
Bottom of the 5th over - 6 runs, 3 hits, 1 error, 2 left on base; Colorado Springs 0 - Oklahoma City 10
TOP OF THE 6TH
Colorado Springs Sky Sox batting - Pitching for Oklahoma City Dodgers : RHP Jean-Michel Hamon
Batting: LHB Steve Gilliam 0-0: Foul Ball, location: 2F
0-1: Called Strike
0-2: Ball
1-2: Ball
2-2: Ball
3-2: Fly out, F8 (Flyball, 8RXD, EV 91.2 MPH)
Batting: RHB Ryan Rinaldi 0-0: Ball
1-0: Ball
2-0: Foul Ball, location: 2F
2-1: SINGLE (Groundball, 34D, EV 95.0 MPH)
Batting: LHB Michael Krott 0-0: Ball
1-0: Fielders Choice at 2nd, 4-6 (Groundball, 4, EV 105.6 MPH)
Batting: LHB Zack Guillen 0-0: Ball
Michael Krott steals 2nd base
1-0: Foul Ball, location: 2F
1-1: Swinging Strike
1-2: Foul Ball, location: 2F
1-2: Foul Ball, location: 2F
1-2: Ball
2-2: SINGLE (Line Drive, 78S, EV 99.4 MPH)
Michael Krott to third
Batting: SHB Andy Vivas 0-0: Ball
1-0: Ball
2-0: Ball
3-0: Called Strike
3-1: Ground out 3-1 (Groundball, 13, EV 78.8 MPH)
Top of the 6th over - 0 runs, 2 hits, 0 errors, 2 left on base; Colorado Springs 0 - Oklahoma City 10
BOTTOM OF THE 6TH
Oklahoma City Dodgers batting - Pitching for Colorado Springs Sky Sox : RHP Nate Dallman
Batting: RHB Jeremy Giesler 0-0: Fly out, F8 (Flyball, 8RM, EV 80.6 MPH)
Batting: RHB Martin Chavez 0-0: Foul Ball, location: 2F
0-1: Ball
1-1: Foul Ball, location: 2F
1-2: Strikes out looking
Batting: RHB Jose Valtierra 0-0: Ball
1-0: Called Strike
1-1: Fly out, F8 (Flyball, 89M, EV 90.6 MPH)
Bottom of the 6th over - 0 runs, 0 hits, 0 errors, 0 left on base; Colorado Springs 0 - Oklahoma City 10
TOP OF THE 7TH
Colorado Springs Sky Sox batting - Pitching for Oklahoma City Dodgers : RHP Jean-Michel Hamon
Batting: LHB Chris Salim 0-0: Fly out, F8 (Flyball, 8LM, EV 89.4 MPH)
Batting: SHB Chris Besselman 0-0: Ball
1-0: Foul Ball, location: 2F
1-1: Foul Ball, location: 2F
1-2: Ball
2-2: Foul Ball, location: 2F
2-2: Ball
3-2: Foul Ball, location: 2F
3-2: SOLO HOME RUN (Flyball, 89XD, EV 106.9 MPH), Distance : 422 ft
Batting: RHB Justin Williams 0-0: Called Strike
0-1: Swinging Strike
0-2: Foul Ball, location: 2F
0-2: Foul Ball, location: 2F
0-2: Foul Ball, location: 2F
0-2: Ball
1-2: Ground out 1-3 (Groundball, 13S, EV 64.4 MPH)
Pitching: RHP Steve Mintz
Batting: RHB Devine Adams 0-0: Ball
1-0: Ball
2-0: Ball
3-0: Called Strike
3-1: Foul Ball, location: 2F
3-2: Foul Ball, location: 2F
3-2: Foul Ball, location: 2F
3-2: Base on Balls
Batting: LHB Steve Gilliam 0-0: Called Strike
Devine Adams steals 2nd base (no throw)
0-1: Foul Ball, location: 2F
0-2: Strikes out swinging
Top of the 7th over - 1 run, 1 hit, 0 errors, 1 left on base; Colorado Springs 1 - Oklahoma City 10
BOTTOM OF THE 7TH
Oklahoma City Dodgers batting - Pitching for Colorado Springs Sky Sox : RHP Nate Dallman
Batting: LHB Frank Mullen 0-0: Ball
1-0: Ball
2-0: Ball
3-0: Called Strike
3-1: Base on Balls
Pitching: LHP Jay Turpin
Batting: RHB Tim Nettles 0-0: Foul Ball, location: 2F
0-1: Foul Ball, location: 2F
0-2: Ball
1-2: Strikes out looking
Pinch Hitting: LHB Antonio Fierros 0-0: Ball
1-0: Called Strike
1-1: Called Strike
1-2: Strikes out looking
Pinch Hitting: RHB Tommie Lee 0-0: Called Strike
0-1: Ball
1-1: Called Strike
1-2: Fly out, F8 (Flyball, 8LXD, EV 90.6 MPH)
Bottom of the 7th over - 0 runs, 0 hits, 0 errors, 1 left on base; Colorado Springs 1 - Oklahoma City 10
TOP OF THE 8TH
Colorado Springs Sky Sox batting - Pitching for Oklahoma City Dodgers : RHP Steve Mintz
Now at 2B: Tommie Lee
Now in LF: Antonio Fierros
Batting: RHB Ryan Rinaldi 0-0: DOUBLE (Groundball, 5L, EV 100.6 MPH)
Batting: LHB Michael Krott 0-0: Called Strike
0-1: Called Strike
0-2: Strikes out swinging
Pitching: LHP Jake Hall
Batting: RHB Bobby Bowman 0-0: Ball
1-0: Foul Ball, location: 2F
1-1: Hit by Pitch
Batting: SHB Andy Vivas 0-0: Foul Ball, location: 2F
0-1: Grounds into double play, 6-4-3 (Groundball, 6, EV 79.4 MPH)
Top of the 8th over - 0 runs, 1 hit, 0 errors, 1 left on base; Colorado Springs 1 - Oklahoma City 10
BOTTOM OF THE 8TH
Oklahoma City Dodgers batting - Pitching for Colorado Springs Sky Sox : LHP Jay Turpin
Pinch Hitting: RHB Nick Beggs 0-0: Ground out 5-3 (Groundball, 56, EV 87.5 MPH)
Batting: RHB John Piccolo 0-0: Ball
1-0: Fly out, F8 (Flyball, 8LD, EV 95.0 MPH)
Batting: RHB Jeremy Giesler 0-0: Ground out 1-3 (Groundball, 13S, EV 65.6 MPH)
Bottom of the 8th over - 0 runs, 0 hits, 0 errors, 0 left on base; Colorado Springs 1 - Oklahoma City 10
TOP OF THE 9TH
Colorado Springs Sky Sox batting - Pitching for Oklahoma City Dodgers : LHP Jake Hall
Now at 1B: Nick Beggs
Batting: LHB Chris Salim 0-0: Foul Ball, location: 2F
0-1: Fly out, F8 (Flyball, 78S, EV 88.8 MPH)
Batting: SHB Chris Besselman 0-0: SINGLE (Line Drive, 6MD, EV 96.9 MPH)
Batting: RHB Justin Williams 0-0: Ball
1-0: Ball
2-0: Called Strike
2-1: Swinging Strike
2-2: Ball
3-2: Strikes out swinging
Batting: RHB Devine Adams 0-0: Ball
1-0: Ball
Passed Ball!
Chris Besselman to second
2-0: Ground out 6-3 (Groundball, 6, EV 83.1 MPH)
Top of the 9th over - 0 runs, 1 hit, 0 errors, 1 left on base; Colorado Springs 1 - Oklahoma City 10
Thursday, December 15th , 2022 - OOTP Baseball 23.9 Build 102